 Dungeon Crawl Stone Soup version 0.30-a0-1123-gabc949cf19 (webtiles) character file.

Game seed: 14402728804916397582

114207 Armakuni the Fencer (level 17, -10/133 HPs)
             Began as a Human Monk on Apr 19, 2023.
             Was a Priest of Elyvilon.
             Mangled by an emperor scorpion (13 damage)
             ... on level 3 of the Spider Nest on Apr 22, 2023.
             The game lasted 01:08:32 (24616 turns).

Armakuni the Fencer (Human Monk)                   Turns: 24616, Time: 01:08:32

Health: -10/133    AC: 24    Str: 13    XL:     17   Next: 20%
Magic:  22/27      EV: 16    Int: 11    God:    Elyvilon [***...]
Gold:   996        SH:  7    Dex: 26    Spells: 16/16 levels left

rFire   + + .        a - +11 Singing Sword {sonic wave}
rCold   x . .        p - +1 buckler
rNeg    . . .        K - +1 fire dragon scales
rPois   +            e - +2 helmet
rElec   +            f - scarf {repulsion}
rCorr   .            N - +1 pair of gloves of Lieheg {rElec Dex+4}
SInv    .            (no boots)
Will    +....        U - amulet of faith Stlth
                     A - +4 ring of protection
HPRegen 0.42/turn    P - ring of poison resistance
MPRegen 0.20/turn

%: repel missiles, faith
@: no status effects
A: no striking features
a: Renounce Religion, Purification, Heal Other, Heal Self


You were on level 3 of the Spider Nest.
You worshipped Elyvilon.
Elyvilon was most pleased with you.
You visited 5 branches of the dungeon, and saw 25 of its levels.
You also visited: Bailey.

You collected 2679 gold pieces.
You spent 1683 gold pieces at shops.

Inventory:

Hand Weapons
 a - the +11 Singing Sword (weapon) {sonic wave}
   (You acquired it on level 5 of the Dungeon)
 b - a +5 demon blade of venom
Missiles
 t - 5 throwing nets
 x - 6 curare-tipped darts (quivered)
Armour
 e - a +2 helmet (worn)
 f - a scarf of repulsion (worn)
 p - a +1 buckler (worn)
 K - +1 fire dragon scales (worn)
 N - the +1 pair of gloves of Lieheg (worn) {rElec Dex+4}
   (You acquired it on level 2 of the Orcish Mines)

   Dex:       It affects your dexterity (+4).
   rElec:     It insulates you from electricity.
Jewellery
 d - an amulet of the acrobat
 A - a +4 ring of protection (left hand)
 I - a ring of see invisible
 J - a ring of protection from cold
 L - a ring of flight
 M - a ring of willpower
 P - a ring of poison resistance (right hand)
 R - an amulet of regeneration
 U - an amulet of faith (around neck)
 W - a ring of willpower
Wands
 r - a wand of paralysis (18)
 z - a wand of digging (2)
 B - a wand of acid (10)
 C - a wand of roots (20)
 Z - a wand of mindburst (1)
Scrolls
 i - 3 scrolls of fog
 j - 4 scrolls of amnesia
 k - 2 scrolls of magic mapping
 q - 3 scrolls of vulnerability
 y - 2 scrolls of fear
 D - 2 scrolls of blinking
 E - 5 scrolls of teleportation
 G - 4 scrolls of immolation
 H - a scroll of brand weapon
 Q - 10 scrolls of identify
Potions
 c - a potion of brilliance
 g - 2 potions of might
 l - 6 potions of haste
 m - 13 potions of curing
 n - 5 potions of cancellation
 o - 5 potions of attraction
 s - 2 potions of flight
 u - a potion of ambrosia
 w - 2 potions of invisibility
 F - 3 potions of resistance
 O - a potion of lignification
 S - 4 potions of berserk rage
 X - 7 potions of mutation
Miscellaneous
 v - a box of beasts


   Skills:
 - Level 12.0 Fighting
 - Level 16.0 Long Blades
 - Level 14.4 Armour
 + Level 11.0 Dodging
 - Level 4.0 Shields
 - Level 14.0 Invocations
 - Level 4.0 Evocations


You had 16 spell levels left.
You didn't know any spells.
Your spell library contained the following spells:

 Spells                   Type           Power      Damage    Failure   Level
 Apportation              Tloc           0%         N/A       86%         1
 Gell's Gravitas          Tloc           0%         N/A       99%         3
 Inner Flame              Hex/Fire       0%         N/A       99%         3
 Ozocubu's Armour         Ice            0%         N/A       99%         3
 Summon Guardian Golem    Hex/Summ       0%         N/A       99%         3
 Teleport Other           Tloc           0%         N/A       99%         3
 Tukima's Dance           Hex            0%         N/A       99%         3
 Vhi's Electric Charge    Tloc/Air       0%         N/A       99%         3
 Flame Wave               Conj/Fire      0%         2d4       100%        4
 Passage of Golubria      Tloc           0%         N/A       100%        4
 Sticky Flame             Conj/Fire      0%         2d3       100%        4
 Alistair's Intoxication  Tmut/Pois      0%         N/A       100%        5
 Arcjolt                  Conj/Air       0%         1d10      100%        5
 Iskenderun's Battlesphe  Conj           0%         2d6       100%        5
 Metabolic Englaciation   Hex/Ice        0%         N/A       100%        5
 Summon Forest            Summ/Tloc      0%         N/A       100%        5
 Yara's Violent Unravell  Hex/Tmut       0%         3d3       100%        5
 Dispersal                Tloc           0%         N/A       100%        6
 Eringya's Noxious Bog    Tmut/Pois      0%         N/A       100%        6
 Iron Shot                Conj/Erth      0%         9d1       100%        6
 Plasma Beam              Fire/Air       0%         2x1d11    100%        6
 Simulacrum               Ice/Necr       0%         N/A       100%        6
 Orb of Destruction       Conj           0%         9d5       100%        7
 Spellforged Servitor     Conj/Summ      0%         N/A       100%        7
 Summon Hydra             Summ           0%         N/A       100%        7
 Maxwell's Capacitive Co  Air            0%         ∞         100%        8


Dungeon Overview and Level Annotations

Branches:
Dungeon (15/15)            Temple (1/1) D:6            Lair (3/5) D:9
 Shoals (0/4) Lair:2       Spider (4/4) Lair:3          Orc (2/2) D:12
    Elf (0/3) Orc:2        Vaults (0/5) D:14         Depths (0/4) D:15
 Bailey (visited)

Altars:
Ashenzari
Cheibriados
Dithmenos
Elyvilon
Fedhas
Gozag
Hepliaklqana
Kikubaaqudgha
Makhleb
Nemelex Xobeh
Okawaru
Qazlal
Ru
Sif Muna
Trog
Uskayaw
Vehumet
Wu Jian
Xom
Yredelemnul
Zin
The Shining One

Shops:
D:5 *   Orc:1 ?   Orc:2 *=*(

Portals:
Trove: D:12 (give 6 scrolls of fear)


Message History

* * * LOW HITPOINT WARNING * * *
You feel extremely sick.
You block the emperor scorpion's attack.
The emperor scorpion completely misses you.
The emperor scorpion claws you but does no damage.
You closely miss the emperor scorpion.
The emperor scorpion is moderately wounded.
* * * LOW HITPOINT WARNING * * *
You feel extremely sick.
You block the emperor scorpion's attack.
The emperor scorpion claws you but does no damage.
The emperor scorpion barely misses you.
You are healed.
* * * LOW HITPOINT WARNING * * *
You feel extremely sick.
You block the emperor scorpion's attack.
The emperor scorpion claws you but does no damage. x2
The emperor scorpion stings you!
* * * LOW HITPOINT WARNING * * *
You block the emperor scorpion's attack.
The emperor scorpion claws you!
* * * LOW HITPOINT WARNING * * *
You are healed.
* * * LOW HITPOINT WARNING * * *
You feel extremely sick. The emperor scorpion stings you!
* * * LOW HITPOINT WARNING * * *
The emperor scorpion claws you but does no damage.
The emperor scorpion claws you.
* * * LOW HITPOINT WARNING * * *
The emperor scorpion stings you but does no damage.
The emperor scorpion claws you but does no damage.
The emperor scorpion claws you!
* * * LOW HITPOINT WARNING * * *
You feel better. The emperor scorpion stings you!!
* * * LOW HITPOINT WARNING * * *
The emperor scorpion barely misses you.
You block the emperor scorpion's attack.
The emperor scorpion stings you!
You die...

###..####..[=............#.....
##^..#^##......#..#.#...<#......
##........^)..^................^#
#<...........#.......^......#...#
##..#..#....#[[[.......[.......^#
##...<..^............#..^#.#.^..
##........#^..#..............#..
#^..#...^...#.†..#..............
#......#.#[[^..@..........#..^.#
##..^#.#.#....#).s^#.......^.^..#
.#..#.....................#.#....
.......(.^...^##^.#.#..#^........
........##........#..#...#.#.....
...#.......#....................#
..^...#....^........^...#.#.....#
....#....#^...#..#.#.#......#....
.......................#.......^#


You could see an emperor scorpion (berserk, corroded).

Vanquished Creatures
  Mara (Spider:2)
  Jorgrun (Orc:1)
  Mlioglotl (Spider:1)
  2 ghost moths (Spider:1)
  An emperor scorpion (Spider:3)
  The ghost of Xtruder99 the Unseen, an adept OpTm of Cheibriados (Spider:1)
  An orc warlord (Orc:2)
  An ironbound preserver (D:14)
  A spark wasp (Spider:1)
  2 fire dragons (D:15)
  Josephine (Lair:3)
  Harold (Orc:1)
  Fannar (Lair:3)
  3 entropy weavers
  The ghost of UltrafastDeath the Covert, a journeyman NaRe of Hepliaklqana (D:9)
  A catoblepas (Lair:3)
  3 two-headed ogres
  3 centaur warriors
  A dancing weapon (Spider:1)
  6 boulder beetles
  6 orc high priests
  A vampire mage (D:12)
  Nergalle (D:10)
  2 deep elf knights (D:13)
  A skyshark (Lair:3)
  3 skeletal warriors (D:14)
  5 pharaoh ants
  A sun moth (Spider:2)
  7 orb spiders
  2 steelbarb worms (Spider:1)
  2 orc knights
  A wizard (D:14)
  9 deep elf pyromancers
  17 ugly things
  12 wolf spiders
  A manticore (D:13)
  5 cyclopes
  3 orc sorcerers
  A moth of wrath (Spider:3)
  2 black mambas
  6 gargoyles
  4 demonic crawlers
  A torpor snail (Spider:3)
  6 cane toads
  Maggie (D:7)
  4 yaktaurs
  2 unseen horrors
  3 kobold demonologists
  4 komodo dragons
  11 meliai
  13 trolls
  10 blink frogs
  15 tarantellas
  5 slime creatures (D:14)
  11 culicivoras
  28 jumping spiders
  7 vampires (D:12)
  4 shadows
  29 yaks
  5 basilisks
  A wyvern (D:9)
  4 wraiths
  12 vampire mosquitoes
  A basilisk (shapeshifter) (D:13)
  24 redbacks
  A redback simulacrum (D:15)
  A steam dragon (D:8)
  7 wargs
  An acid dragon (D:11)
  8 water moccasins
  40 orc warriors
  3 sky beasts
  An ice beast (D:6)
  7 ogres
  17 wolves
  16 centaurs
  A phantom (D:4)
  11 kobold brigands
  12 bullfrogs
  2 scorpions
  13 killer bees
  5 howler monkeys
  An electric eel (Spider:2)
  4 hounds
  3 jellies
  A gnoll bouda (Orc:1)
  12 orc priests
  3 iron imps (D:9)
  A sleepcap (D:7)
  4 iguanas
  28 orc wizards
  11 adders
  7 gnolls
  2 shadow imps (D:7)
  2 white imps
  An ufetubus (D:7)
  2 worms (D:3)
  3 dart slugs
  84 orcs
  2 ball pythons (D:4)
  3 bats
  2 endoplasms
  5 giant cockroaches
  10 goblins
  2 hobgoblins (D:4)
  A quokka (D:5)
  2 frilled lizards
  13 kobolds
  7 rats
  A bush (D:7)
689 creatures vanquished.

Vanquished Creatures (others)
  A deep elf pyromancer (D:13)
  A wolf spider (Spider:1)
  2 ugly things (D:15)
  A redback (Spider:1)
  An orc wizard (D:9)
  A bat (D:3)
  56 fungi
  31 plants
94 creatures vanquished.

Grand Total: 783 creatures vanquished

Notes
Turn   | Place    | Note
-------+----------+-------------------------------------------
     0 | D:1      | Armakuni the Human Monk began the quest for the Orb.
     0 | D:1      | Reached XP level 1. HP: 18/18 MP: 1/1
   634 | D:1      | Reached XP level 2. HP: 24/24 MP: 2/2
  1002 | D:2      | Reached skill level 4 in Long Blades
  1002 | D:2      | Reached XP level 3. HP: 28/29 MP: 3/3
  1532 | D:3      | Found a bloodstained altar of Trog.
  1648 | D:3      | Reached XP level 4. HP: 35/35 MP: 4/4
  1655 | D:3      | Reached skill level 5 in Long Blades
  1780 | D:3      | Reached XP level 5. HP: 41/41 MP: 5/5
  1832 | D:3      | Found a radiant altar of Vehumet.
  2169 | D:4      | Reached skill level 6 in Long Blades
  2169 | D:4      | Reached XP level 6. HP: 39/47 MP: 6/6
  2417 | D:4      | Found a sparkling altar of Nemelex Xobeh.
  2680 | D:4      | Reached skill level 7 in Long Blades
  2686 | D:4      | Reached XP level 7. HP: 38/52 MP: 7/7
  2717 | D:4      | Reached skill level 8 in Long Blades
  3011 | D:5      | Entered Level 5 of the Dungeon
  3279 | D:5      | Reached XP level 8. HP: 55/58 MP: 8/8
  3285 | D:5      | Reached skill level 9 in Long Blades
  3574 | D:5      | Found Qaabu's Assorted Antiques.
  3585 | D:5      | Bought a dark potion for 26 gold pieces
  3585 | D:5      | Bought a scroll labelled ROUWKU LICSAN for 29 gold pieces
  3586 | D:5      | Identified a scroll of acquirement
  3586 | D:5      | Acquired the +11 Singing Sword {sonic wave}
  3586 | D:5      | Found the +11 Singing Sword {sonic wave}
  3691 | D:5      | Found a shimmering blue altar of Sif Muna.
  3829 | D:5      | Found a glowing silver altar of Zin.
  4031 | D:6      | Reached skill level 10 in Long Blades
  4143 | D:6      | Reached skill level 1 in Shields
  4248 | D:6      | Found a staircase to the Ecumenical Temple.
  4257 | Temple   | Entered the Ecumenical Temple
  4335 | Temple   | Became a worshipper of Elyvilon the Healer
  4335 | Temple   | Reached * piety under Elyvilon
  4335 | Temple   | Reached ** piety under Elyvilon
  4687 | D:7      | Reached XP level 9. HP: 51/63 MP: 9/9
  4776 | D:7      | Noticed Maggie
  4789 | D:7      | Killed Maggie
  4790 | D:7      | Reached skill level 11 in Long Blades
  4944 | D:7      | Found a stormy altar of Qazlal.
  5243 | D:7      | Found a blossoming altar of Fedhas.
  5379 | D:8      | Reached skill level 12 in Long Blades
  5391 | D:8      | Reached *** piety under Elyvilon
  5558 | D:8      | Reached XP level 10. HP: 65/70 MP: 10/10
  6019 | D:8      | Reached skill level 1 in Invocations
  6251 | D:8      | Reached skill level 13 in Long Blades
  6995 | D:9      | Noticed a kobold demonologist
  6996 | D:9      | Found a runed translucent gate.
  6998 | D:9      | Found a runed translucent gate.
  7004 | D:9      | Noticed UltrafastDeath's ghost (journeyman NaRe)
  7107 | D:9      | Found a flagged portal.
  7112 | Bailey   | Entered a bailey
  7146 | Bailey   | Reached **** piety under Elyvilon
  7170 | Bailey   | Noticed an orc knight
  7170 | Bailey   | Noticed an orc knight
  7172 | Bailey   | an orc knight changed into an entropy weaver
  7172 | Bailey   | Noticed an entropy weaver
  7184 | Bailey   | Killed an entropy weaver
  7185 | Bailey   | Reached skill level 5 in Invocations
  7292 | Bailey   | Killed an orc knight
  7376 | Bailey   | Identified the +1 plate armour of Divine Compulsion {Int+4}
  7499 | D:9      | Reached XP level 11. HP: 39/75 MP: 15/15
  7501 | D:9      | Reached skill level 14 in Long Blades
  7536 | D:9      | Noticed a six-headed hydra
  7537 | D:9      | Pacified a six-headed hydra
  7926 | D:5      | Bought a smouldering chain mail for 275 gold pieces
  7926 | D:5      | Identified the +0 chain mail "Luer" {rElec rC+ Str+2 Dex-2}
                  | (You bought it in a shop on level 5 of the Dungeon)
  8240 | D:9      | Found a runed translucent gate.
  8393 | D:9      | Found a burning altar of Makhleb.
  8447 | D:9      | Found a staircase to the Lair.
  8645 | D:9      | Killed UltrafastDeath's ghost
  8646 | D:9      | Reached skill level 15 in Long Blades
  8734 | D:10     | Entered Level 10 of the Dungeon
  8735 | D:10     | Noticed Nergalle
  8744 | D:10     | Killed Nergalle
  8793 | D:10     | Found a sacrificial altar of Ru.
  8828 | D:10     | Reached ***** piety under Elyvilon
  8954 | D:10     | Noticed a two-headed ogre
  8972 | D:10     | Killed a two-headed ogre
  8973 | D:10     | Reached skill level 10 in Invocations
  8973 | D:10     | Reached XP level 12. HP: 62/81 MP: 19/19
  9024 | D:10     | Noticed a two-headed ogre
  9032 | D:10     | Killed a two-headed ogre
  9639 | D:11     | Noticed a boulder beetle
  9654 | D:11     | Killed a boulder beetle
  9655 | D:11     | Reached skill level 5 in Fighting
  9657 | D:11     | Noticed a boulder beetle
  9673 | D:11     | Killed a boulder beetle
  9692 | D:11     | Reached skill level 16 in Long Blades
 10372 | D:12     | Noticed a two-headed ogre
 10382 | D:12     | Killed a two-headed ogre
 10407 | D:12     | Noticed a boulder beetle
 10415 | D:12     | Killed a boulder beetle
 10420 | D:12     | Reached XP level 13. HP: 90/101 MP: 20/20
 10497 | D:12     | Found a portal to a secret trove of treasure.
 10570 | D:12     | Found a staircase to the Orcish Mines.
 10703 | D:12     | Reached skill level 10 in Fighting
 10808 | D:12     | Found an ancient bone altar of Kikubaaqudgha.
 10830 | D:12     | Reached skill level 5 in Dodging
 11069 | D:13     | Reached ****** piety under Elyvilon
 11406 | D:13     | Found a glowing silver altar of Zin.
 11759 | D:13     | Upgraded the game from 0.30-a0-1103-g25895a7845 to
                  | 0.30-a0-1116-gebefce21f7
 11977 | D:14     | Noticed an ironbound preserver
 11987 | D:14     | Killed an ironbound preserver
 11988 | D:14     | Reached skill level 10 in Dodging
 11990 | D:14     | Reached skill level 1 in Armour
 11997 | D:14     | Reached XP level 14. HP: 99/110 MP: 15/21
 12033 | D:14     | Found a gate to the Vaults.
 12074 | D:14     | Identified the +1 morningstar of Deflation {holy, rC- rCorr
                  | Str+3 SInv}
 12122 | D:14     | Identified the +3 leather armour "Nuiqig" {Rampage rC+
                  | Str+2 Dex-4}
 12308 | D:14     | Reached skill level 5 in Armour
 12731 | D:15     | Entered Level 15 of the Dungeon
 13625 | D:15     | Found a staircase to the Depths.
 13744 | Orc:1    | Entered Level 1 of the Orcish Mines
 13744 | Orc:1    | Found Neschaxo's Magic Scroll Shop.
 13754 | Orc:1    | Bought a scroll of blinking for 105 gold pieces
 13865 | Orc:2    | Entered Level 2 of the Orcish Mines
 13868 | Orc:2    | Found Sacviria's Jewellery Shoppe.
 13874 | Orc:2    | Reached skill level 10 in Armour
 13880 | Orc:2    | Reached skill level 1 in Evocations
 14130 | Orc:2    | Reached XP level 15. HP: 113/115 MP: 22/22
 14174 | Orc:2    | Found Uckucac's General Store.
 14241 | Orc:2    | Found a staircase to the Elven Halls.
 14529 | Orc:2    | Found Luoblat's Assorted Antiques.
 14537 | Orc:2    | Bought a scroll of acquirement for 1248 gold pieces
 14538 | Orc:2    | Acquired the +1 pair of gloves of Lieheg {rElec Dex+4}
 14555 | Orc:1    | Noticed Jorgrun
 14573 | Orc:1    | Killed Jorgrun
 14753 | Orc:2    | Noticed Nessos
 14758 | Orc:2    | Nessos changed into Nessos the orb spider
 14758 | Orc:2    | Noticed Nessos
 14776 | Orc:2    | Killed Nessos the orb spider
 14954 | Orc:1    | Noticed Harold
 14967 | Orc:1    | Killed Harold
 15133 | Orc:2    | Noticed an orc warlord
 15148 | Orc:2    | Killed an orc warlord
 15248 | Orc:2    | Found Goret's Antique Armour Emporium.
 15263 | Orc:2    | Found Veegetoi's Antique Weapon Shop.
 15712 | Lair:1   | Entered Level 1 of the Lair of Beasts
 16323 | Lair:2   | Found a staircase to the Shoals.
 17896 | Lair:3   | Noticed Josephine
 17907 | Lair:3   | Killed Josephine
 18419 | Lair:3   | Noticed Fannar
 18429 | Lair:3   | Killed Fannar
 18563 | Lair:3   | Found a hole to the Spider Nest.
 18829 | Spider:1 | Entered Level 1 of the Spider Nest
 18829 | Spider:1 | Found a runed translucent door.
 18830 | Spider:1 | Found a shimmering altar of Xom.
 18830 | Spider:1 | Noticed Xtruder99's ghost (adept OpTm)
 18914 | Spider:1 | Reached XP level 16. HP: 110/126 MP: 26/26
 19314 | Spider:1 | Noticed Mlioglotl
 19325 | Spider:1 | Killed Mlioglotl
 20482 | Spider:1 | Killed Xtruder99's ghost
 20550 | Spider:1 | Upgraded the game from 0.30-a0-1116-gebefce21f7 to
                  | 0.30-a0-1123-gabc949cf19
 21778 | Spider:2 | Identified the +2 short sword of Chance {vamp, *Noise rC+
                  | Int+3}
 22434 | Spider:3 | Noticed Mara
 22442 | Spider:2 | Noticed Armakuni's illusion
 22450 | Spider:2 | Noticed Armakuni's illusion
 22453 | Spider:2 | Killed Mara
 22872 | Spider:3 | Noticed an emperor scorpion
 23026 | Spider:3 | Killed an emperor scorpion
 23068 | Spider:2 | Reached XP level 17. HP: 36/133 MP: 25/27
 23079 | Spider:2 | HP: 1/133 [jumping spider simulacrum (18)]
 24515 | Spider:4 | Entered Level 4 of the Spider Nest
 24616 | Spider:3 | HP: 3/133 [emperor scorpion (24)]
 24616 | Spider:3 | Mangled by an emperor scorpion

Illustrated notes

Levels and vault maps discovered:
D:1:      dpeg_arrival_arbitrary_a, layout_loops_corners
D:2:      layout_rooms, corexii_leaking_fountain
D:3:      layout_loops_ring, mainiacjoe_overflow_surrounded_room, trog_book
D:4:      cheibrodos_barr_body, layout_cave_pools, nemelex_spade_bored_becter
D:5:      layout_loops_ring, mainiacjoe_overflow_tiny_flanked,
          kennysheep_little_box, serial_shops, nicolae_lakefront_shop,
          chequers_serial_rivers_small_3
D:6:      layout_gridville, minmay_temple_entry_crystal_x
D:7:      layout_rooms, fedhas_bush_and_centaur_altar,
          nicolae_qazlal_general_emergency, grunt_decor_resistance,
          amcnicky_mini_pool_small, hangedman_abyss_or_decor_stabs, uniq_maggie
D:8:      layout_gridville, centaur_isle
D:9:      layout_stronghold, demons_altar, lair_entry_dummy,
          gammafunk_ghost_nasty_kobolds, enter_bailey_3
D:10:     layout_cave_pods, nicolae_overflow_crystal_walls, uniq_nergalle
D:11:     layout_irregular_city, lightli_fourway_metalbox
D:12:     layout_basic, orc_0_dummy, enter_trove_2, drop_trap,
          nicolae_nh_vlads_tower
D:13:     layout_basic, zin_treasury
D:14:     layout_irregular_city, skrybe_vaults_entry_preservation,
          infiniplex_staircase_trident
D:15:     grunt_enter_depths_hoard, layout_long_grid, nicolae_figureground_pulse
Temple:   dshaligram_water_room_temple
Lair:1:   layout_gridlike
Lair:2:   layout_layer_cave, minmay_shoals_entry_centaurs, st_stairs_5,
          hibernation_bobbens, infiniplex_staircase_pool_2, lemuel_fruit_fields
Lair:3:   layout_regular_city, nicolae_spider_entry_orb_guardian,
          uniq_josephine, uniq_fannar
Spider:1: layout_chambers, ebering_ghost_xom, nicolae_spider_nooks_and_crannies,
          uniq_mlioglotl
Spider:2: layout_spider_delve
Spider:3: layout_spider_delve, uniq_mara
Spider:4: floodkiller_spider_rune_tomb
Orc:1:    layout_diamond_mine, serial_shops, nicolae_shop_tiny_statue_garden,
          nicolae_orc_rockfall, uniq_harold, uniq_jorgrun
Orc:2:    grunt_orc_gardens, layout_diamond_mine, grunt_orc_garden,
          grunt_orc_garden, grunt_orc_garden, grunt_orc_garden, serial_shops,
          shop, nooodl_orcs_dogs, uniq_nessos

Skill      XL: |  1  2  3  4  5  6  7  8  9 10 11 12 13 14 15 16 17 |
---------------+----------------------------------------------------+-----
Long Blades    | 4 5 6 7 8 10 12 13 15 16 | 16.0
Shields        | 2 4 |  4.0
Invocations    | 6 10 14 | 14.0
Fighting       | 9 10 11 12 | 12.0
Dodging        | 10 11 | 11.0
Armour         | 1 10 14 | 14.4
Evocations     | 4 |  4.0

Action                     |  1- 3 |  4- 6 |  7- 9 | 10-12 | 13-15 | 16-18 || total
---------------------------+-------+-------+-------+-------+-------+-------++-------
  Melee: Falchion          |    53 |   110 |    92 |       |       |       ||   255
         Double sword      |       |       |   103 |   246 |   777 |   385 ||  1511
         Dagger            |       |       |       |     2 |       |       ||     2
  Throw: Dart              |       |       |       |    12 |    12 |     3 ||    27
 Invoke: Heal Self         |       |       |       |     5 |    18 |    25 ||    48
         Heal Other        |       |       |       |     1 |     6 |     3 ||    10
         Purification      |       |       |       |       |    12 |    13 ||    25
  Evoke: Wand              |       |       |     3 |    29 |    13 |    14 ||    59
         Box of beasts     |       |       |       |     1 |     1 |       ||     2
    Use: Scroll            |     5 |     2 |     2 |    13 |     5 |     6 ||    33
         Potion            |       |     1 |     1 |     1 |     1 |     2 ||     6
   Stab: Paralysed         |       |       |     3 |     5 |     2 |     1 ||    11
         Distracted        |       |       |     1 |       |       |       ||     1
         Sleeping          |       |       |       |     2 |       |       ||     2
 Armour: Robe              |     5 |       |       |       |       |       ||     5
         Ring mail         |    25 |    51 |    51 |       |       |       ||   127
         Steam dragon scal |       |       |    15 |    58 |       |       ||    73
         Troll leather arm |       |       |       |    10 |    71 |       ||    81
         Fire dragon scale |       |       |       |       |   153 |   341 ||   494
  Dodge: Dodged            |    27 |    53 |    95 |   193 |   370 |   458 ||  1196
         Repelled          |     1 |     1 |     2 |     5 |     4 |       ||    13
  Block: Buckler           |       |       |    15 |   105 |   214 |   254 ||   588

Table legend: (Time is in decaauts)
 A = Elapsed time spent in this place.
 B = Non-inter-level travel time spent in this place.
 C = Inter-level travel time spent in this place.
 D = Time resting spent in this place.
 E = Time spent auto-exploring this place.
 F = Levels seen in this place.
 G = Mean time per level.
                   A        B        C        D        E       F      G
               +--------+--------+--------+--------+--------+-----+--------+
         Total |  24307 |  23207 |   1100 |   3428 |  14913 |  26 |  934.9 |
       Dungeon |  13408 |  12533 |    875 |    869 |   8816 |  15 |  893.9 |
        Temple |     84 |     79 |      5 |      0 |     48 |   1 |   84.0 |
          Lair |   2971 |   2894 |     77 |      4 |   2469 |   3 |  990.3 |
   Spider Nest |   5714 |   5675 |     39 |   2242 |   2528 |   4 | 1428.5 |
  Orcish Mines |   1777 |   1675 |    102 |    218 |   1008 |   2 |  888.5 |
        Bailey |    350 |    350 |      0 |     94 |     42 |   1 |  350.0 |
               +--------+--------+--------+--------+--------+-----+--------+

Top non-repeatable levels by time:
Spider:1: 2438 daAuts
Spider:2: 2316 daAuts
     D:8: 1678 daAuts
  Lair:2: 1465 daAuts
     D:9: 1353 daAuts
   Orc:2: 1246 daAuts
  Lair:3: 1012 daAuts
Spider:3: 946 daAuts
     D:5: 933 daAuts
     D:1: 930 daAuts
    D:15: 922 daAuts
    D:10: 910 daAuts
    D:14: 908 daAuts
     D:4: 879 daAuts
    D:13: 861 daAuts
